Map: Lost and Found LE

Players

Vrajitoru

  • Race: Zerg Zerg
  • League: Silver
  • Spawn Location: 1:00

JonathanRoux - Winner!

  • Race: Terran Terran
  • League: Silver
  • Spawn Location: 7:00

VOD

Have the link to the VOD?

Description

Time

  • Played on: Aug. 12, 2018, 9:02 a.m.
  • Length: 10:09
Show
View Real Time Build Order
Export as new Build Order

Vrajitoru Zerg 

Build Orders: Hatch First 

Get SALT Encoding   

  12  0:01  Drone  
  13  0:13  Overlord  
  13  0:24  Drone  
  14  0:32  Drone x2  
  16  0:37  Drone  
  17  0:55  Hatchery  
  17  0:57  Drone  
  17  1:00  Drone  
  18  1:16  Drone  
  19  1:21  Spawning Pool  
  19  1:23  Extractor  
  17  1:27  Drone  
  17  1:29  Overlord  
  18  1:40  Drone  
  19  1:55  Drone  
  20  2:06  Drone  
  21  2:09  Queen  
  21  2:13  Zergling x2  
  24  2:29  Drone x2  
  26  2:30  Overlord x2  
  26  2:43  Zergling x4  
  28  2:45  Metabolic Boost  
  28  2:56  Queen  
  30  2:59  Zergling x6  
  32  3:18  Zergling x6  
  32  3:19  Zergling x2  
  35  3:54  Zergling x8  
  35  3:55  Zergling x4  
  40  4:13  Zergling x8  
  44  4:23  Lair  
  44  4:30  Drone x2  
  46  4:45  Overlord  
  46  4:46  Overlord  
  46  5:04  Drone x2  
  46  5:05  Drone x2  
  46  5:06  Drone x3  
  53  5:07  Overlord x2  
  53  5:23  Queen  
  53  5:24  Queen  
  57  5:31  Hydralisk Den  
  49  5:58  Zergling x8  
  49  5:59  Zergling x4  
  45  6:24  Drone  
  45  6:25  Drone x3  
  49  6:31  Extractor  
  48  6:40  Hydralisk x2  
  48  6:41  Hydralisk x2  
  56  6:51  Hatchery  
  56  6:53  Muscular Augments  
  55  6:55  Hydralisk x2  
  55  6:58  Zergling x2  
  55  6:59  Zergling x2  
  61  7:03  Overseer  
  61  7:08  Extractor  
  60  7:15  Drone x3  
  62  7:16  Drone  
  64  7:28  Overseer  
  64  7:30  Overseer  
  64  7:52  Spine Crawler  
  64  7:53  Spine Crawler  
  64  7:54  Spine Crawler  
  64  7:56  Pneumatized Carapace  
  61  8:01  Hydralisk  
  61  8:04  Zergling x2, Grooved Spines  
  61  8:05  Zergling x10  
  68  8:06  Zergling x6  
  72  8:34  Hydralisk x3  
  72  8:36  Zergling x6  
  81  8:52  Evolution Chamber  
  40  9:26  Spine Crawler  
  40  9:28  Hydralisk x4  
  40  9:29  Hydralisk  
  49  9:31  Zergling x2  
Show
View Real Time Build Order
Export as new Build Order

JonathanRoux Terran - Winner!

Build Orders:  

Get SALT Encoding   

  12  0:05  SCV  
  13  0:22  Supply Depot  
  13  0:24  SCV  
  14  0:36  SCV  
  15  0:49  Barracks  
  15  1:00  SCV  
  16  1:08  Refinery  
  16  1:12  SCV  
  17  1:24  SCV  
  18  1:30  Barracks  
  18  1:36  SCV  
  18  1:37  Supply Depot  
  19  1:40  Refinery  
  19  1:48  SCV  
  19  1:51  Barracks  
  20  1:55  Barracks Reactor  
  20  2:00  SCV  
  21  2:13  SCV  
  22  2:24  Engineering Bay  
  22  2:25  SCV  
  23  2:36  Factory  
  23  2:37  SCV  
  23  2:41  Marine x2  
  26  2:49  SCV  
  26  2:50  Supply Depot  
  27  2:56  Terran Infantry Weapons Level 1  
  27  2:59  Barracks Tech Lab  
  27  3:01  SCV  
  28  3:11  Barracks Reactor  
  28  3:17  Marine x2  
  30  3:34  Starport  
  30  3:35  Marine x2, Factory Tech Lab  
  32  3:52  Marine x4  
  32  3:53  Marine  
  37  4:10  Marine x2  
  39  4:25  Supply Depot  
  39  4:31  Orbital Command  
  39  4:41  Starport Tech Lab  
  39  4:47  Marine x5  
  39  4:50  Supply Depot  
  44  4:57  Siege Tank  
  47  5:06  Terran Infantry Armor Level 1  
  47  5:11  Marine  
  48  5:14  Marine x2  
  48  5:15  Marine x2  
  48  5:19  Medivac  
  54  5:36  Supply Depot  
  54  5:55  Medivac  
  53  5:57  Siege Tank  
  53  5:59  Supply Depot  
  43  6:09  Marine x2  
  43  6:10  Marine x3  
  48  6:27  Marine x3  
  48  6:28  Marine x2  
  53  6:36  Medivac  
  55  6:45  Marine x4  
  55  6:46  Marine  
  60  6:59  Neosteel Frame  
  60  7:03  Marine x5  
  65  7:18  Command Center  
  65  7:21  Marine x4, Medivac  
  71  7:32  Supply Depot  
  71  7:54  Marine x4, Siege Tank  
  71  7:56  Supply Depot  
  78  8:18  Banshee, Hi-Sec Auto Tracking  
  81  8:26  Siege Tank  
  84  8:46  SCV  
  85  8:58  Siege Tank, SCV  
  85  9:00  Banshee  
  75  9:10  SCV  
  69  9:22  SCV  
  65  9:31  Marine x2  
  65  9:36  SCV  
Tags
 
Add a new tag
Caveats
  • Supply blocks, unpowered buildings, or Contaminate may cause inaccurate times.
  • Supply counts are checked every 10 seconds.